 Dungeon Crawl Stone Soup version 0.30.0-5-g1a98f26d00 (webtiles) character file.

Game seed: 2298889075890847113

165 olmar the Trooper (level 5, -11/34 HPs)
             Began as a Gargoyle Fighter on May 9, 2023.
             Killed by divine providence
             ... invoked by an orc priest
              (14 damage)
             ... on level 4 of the Dungeon.
             The game lasted 00:02:39 (2339 turns).

olmar the Trooper (Gargoyle Fighter)                Turns: 2339, Time: 00:02:40

Health: -11/34     AC: 18    Str: 21    XL:     5   Next: 46%
Magic:  5/5        EV:  6    Int:  9    God:
Gold:   125        SH:  4    Dex:  9    Spells: 4/4 levels left

rFire   . . .        a - +0 flail
rCold   . . .        c - +0 buckler
rNeg    + . .        q - +0 plate armour
rPois   ∞            e - +0 helmet
rElec   +            (no cloak)
rCorr   .            (no gloves)
SInv    .            o - +0 pair of boots
Will    .....        (no amulet) Stlth
                     (no ring)
HPRegen 0.25/turn    (no ring)
MPRegen 0.09/turn

%: no passive effects
@: mighty
A: sickness immunity, AC +4, negative energy resistance 1, electricity
resistance, torment resistance 1, petrification resistance
a: no special abilities


You were on level 4 of the Dungeon.
You visited 1 branch of the dungeon, and saw 4 of its levels.

You collected 191 gold pieces.
You spent 66 gold pieces at shops.

Inventory:

Hand Weapons
 a - a +0 flail (weapon)
Missiles
 s - 5 javelins (quivered)
Armour
 b - a +0 scale mail
 c - a +0 buckler (worn)
 e - a +0 helmet (worn)
 j - a +0 tower shield
 o - a +0 pair of boots (worn)
 q - a +0 plate armour (worn)
Scrolls
 g - a scroll of fear {unknown}
 i - a scroll of immolation {unknown}
 k - a scroll of amnesia {unknown}
 m - a scroll of noise
 n - a scroll of teleportation
 t - a scroll of identify
Potions
 d - a potion of might
 f - 3 potions of attraction
 h - a potion of curing
 l - 2 potions of resistance {unknown}
 p - a potion of lignification {unknown}
 r - a potion of heal wounds {unknown}


   Skills:
 + Level 4.3 Fighting
 + Level 3.7 Maces & Flails
 + Level 3.9 Armour
 - Level 0.3 Dodging
 + Level 4.0 Shields


You had 4 spell levels left.
You didn't know any spells.
Your spell library was empty.

Dungeon Overview and Level Annotations

Branches:
Dungeon (4/15)
 Temple: D:4-7

Altars:
Cheibriados

Shops:
D:2 ?


Innate Abilities, Weirdness & Mutations

You are immune to sickness and miasma.
Your stone body is resilient. (AC +4)
You are immune to poison.
You resist negative energy. (rN+)
You are resistant to electric shocks. (rElec)
You are resistant to unholy torment.
You are immune to petrification.


Message History

Unknown command.
You sock the orc priest!
The orc priest is heavily wounded.
The orc priest hits you but does no damage.
Something hits you but does no damage. Something hits you.
The orc priest hits you but does no damage.
Unknown command.
You barely miss the orc priest.
The orc priest is heavily wounded.
Something completely misses you.
The orc priest hits you but does no damage.
The orc priest mumbles some strange prayers to Beogh against you.
Pain shoots through your body!
Unknown command.
You thump the orc priest!
You kill the orc priest!
The orc priest mumbles some strange prayers to Beogh against you.
Beogh smites you! Something hits you but does no damage.
Your Shields skill increases to level 4!
Unknown command.
You closely miss the orc priest. The orc priest hits you with a +0 club.
* * * LOW HITPOINT WARNING * * *
You hear some strange, mumbled words.
A magic dart appears from out of thin air!
The magic dart hits you.
* * * LOW HITPOINT WARNING * * *
Unknown command.
You feel better.
The orc priest hits you but does no damage.
Something hits you but does no damage.
Okay, then.
You thump the orc priest!
The orc priest is heavily wounded.
The orc priest mumbles some strange prayers to Beogh against you.
Beogh smites you!
* * * LOW HITPOINT WARNING * * *
Something hits you but does no damage. You block something's attack.
The orc priest invokes the aid of Beogh against you.
Beogh smites you!
You die...

#...# #...#
#...##########
##......≈.....##
#..............#
#...............
##...............
##.......))o......
##.....)..§@{......
##........≈§≈≈≈≈..!.
##..))....≈≈####≈≈...
#....)....≈## #≈...
##....§....≈# §...
#....≈§....≈# ..
#.^<..§...§≈# .
##........§≈§#
###........≈≈


You could see an orc priest.

Vanquished Creatures
  A jelly (D:3)
  An orc priest (D:4)
  A gnoll (D:1)
  An adder (D:3)
  2 worms (D:3)
  4 dart slugs
  9 orcs
  6 ball pythons
  5 endoplasms
  5 giant cockroaches
  4 hobgoblins
  2 quokkas
  4 bats
  4 frilled lizards
  8 goblins
  3 kobolds
  4 rats
64 creatures vanquished.

Vanquished Creatures (others)
  A quokka (D:1)
1 creature vanquished.

Grand Total: 65 creatures vanquished

Notes
Turn   | Place    | Note
-------+----------+-------------------------------------------
     0 | D:1      | olmar the Gargoyle Fighter began the quest for the Orb.
     0 | D:1      | Reached XP level 1. HP: 14/14 MP: 1/1
   189 | D:1      | Reached XP level 2. HP: 17/19 MP: 2/2
   398 | D:1      | Reached XP level 3. HP: 24/24 MP: 3/3
   947 | D:2      | Found Noash's Magic Scroll Shop.
   959 | D:2      | Bought a scroll of identify for 22 gold pieces
   959 | D:2      | Bought a scroll of noise for 11 gold pieces
   959 | D:2      | Bought a scroll of teleportation for 33 gold pieces
   959 | D:2      | Found a faded altar of an unknown god.
  1040 | D:2      | Reached XP level 4. HP: 29/29 MP: 4/4
  1696 | D:3      | Reached XP level 5. HP: 26/33 MP: 5/5
  2103 | D:3      | Found a snail-covered altar of Cheibriados.
  2339 | D:4      | Killed from afar by an orc priest

Illustrated notes

Levels and vault maps discovered:
D:1:      lemuel_arrival_lava_pool, layout_basic, lemuel_flame_loot_1
D:2:      layout_rooms, hellmonk_ecumenical_altar_crossroads, serial_shops,
          shop, kennysheep_pointless_box
D:3:      layout_basic, slow_altar_2, minmay_misc_feat_secret_circle
D:4:      layout_cave_pods, dk_xom_monty_hall, minmay_shop_grid_forest,
          kennysheep_decorative_pillar

Skill      XL: |  1  2  3  4  5 |
---------------+----------------+-----
Fighting       | 4 |  4.3
Maces & Flails | 3 |  3.7
Shields        | 4 |  4.0
Armour         | |  3.9
Dodging        | |  0.3

Action                     |  1- 3 |  4- 6 || total
---------------------------+-------+-------++-------
  Melee: Flail             |   102 |   110 ||   212
    Use: Scroll            |     2 |       ||     2
         Potion            |       |     2 ||     2
 Armour: Scale mail        |    58 |     7 ||    65
         Plate armour      |       |    77 ||    77
  Dodge: Dodged            |    43 |    22 ||    65
  Block: Buckler           |    30 |    23 ||    53
